[Event "Team 45 45 League T47"]
[Site "Internet Chess Club"]
[Date "2010.11.29"]
[Round "4"]
[White "room-matt"]
[Black "loserloser"]
[Result "1-0"]
[WhiteElo "1628"]
[BlackElo "1780"]
[Opening "Richter-Veresov attack"]
[ECO "D01"]
[Time "11:00:36"]
[TimeControl "2700+45"]

1. d4 Nf6 2. Nc3 d5 3. Bg5 Nbd7 4. Nf3 g6 5. e3 Bg7 6. Bd3 O-O 7. O-O c6 8. Re1
Re8 9. e4 dxe4 10. Nxe4 Nxe4 11. Bxe4 Nf6 12. Bxf6 Bxf6 13. c3 Qb6 14. Qc2 c5
15. dxc5 Qxc5 16. Rad1 Rb8 17. h3 b5 18. a3 a5 19. Rd5 Qc7 20. Red1 Be6 21. R5d3
b4 22. axb4 axb4 23. Nd4 Qf4 24. Rf3 Qc7 25. Nxe6 fxe6 26. Rg3 Qe5 27. Bxg6 hxg6
28. Qxg6+ Bg7 29. f4 Qf6 30. Qxf6 exf6 31. Rd7 Rbd8 32. Rdxg7+ Kf8 33. Rg8+ Ke7
34. Rxe8+ Rxe8 35. cxb4 Rb8 36. Rb3 Kd6 37. g4 Kd5 38. Kg2 Kc4 39. Re3 Kd5 40.
Rd3+ Ke4 41. Rd6 Kxf4 42. Rxe6 Kg5 {Black resigns} 1-0

[Event "Team 45 45 League T47"]
[Site "Internet Chess Club"]
[Date "2010.11.28"]
[Round "4"]
[White "Muravey"]
[Black "Konstantinos"]
[Result "1-0"]
[WhiteElo "1419"]
[BlackElo "1712"]
[Opening "Sicilian: Labourdonnais-Löwenthal variation"]
[ECO "B32"]
[Time "10:00:28"]
[TimeControl "2700+45"]

1. e4 c5 2. Nf3 Nc6 3. d4 cxd4 4. Nxd4 e5 5. Nf3 a6 6. Bc4 h6 7. O-O Nf6 8. Nc3
Be7 9. Re1 d6 10. Be3 O-O 11. Qe2 Bg4 12. Rad1 Qa5 13. h3 Bh5 14. Rd2 Rac8 15.
Bd5 Nxd5 16. exd5 Nb8 17. g4 Bg6 18. a3 Nd7 19. Na2 Nc5 20. Bxc5 Rxc5 21. b4
Qxa3 22. bxc5 Qxa2 23. c4 Qa5 24. Rb2 Qxc5 25. Rxb7 Bf6 26. Nd2 Re8 27. Nb3 Qc8
28. Rb6 Qc7 29. Rxa6 e4 30. f4 Bh4 31. Rea1 f5 32. Rc6 Qb7 33. Nd4 Bf6 34. Qe3
Qb2 35. Rd1 Bxd4 36. Qxd4 Qe2 37. Qd2 Qf3 38. Rf1 Qxh3 39. Qg2 Qd3 40. Rxd6 Qxc4
41. Rxg6 Qxd5 42. gxf5 Qxf5 43. Rxg7+ Kf8 44. Rg8+ Ke7 45. Qg7+ Kd8 46. Rd1+
{Black resigns} 1-0

[Event "Team 45 45 League T47"]
[Site "Internet Chess Club"]
[Date "2010.11.28"]
[Round "4"]
[White "mickeys"]
[Black "Troparion"]
[Result "1-0"]
[WhiteElo "1939"]
[BlackElo "1784"]
[Opening "Queen's pawn game"]
[ECO "D02"]
[Time "19:00:26"]
[TimeControl "2700+45"]

1. d4 d5 2. Nf3 e6 3. c4 a6 4. e3 Nf6 5. Be2 dxc4 6. Bxc4 b5 7. Bd3 c5 8. O-O
Bb7 9. a4 c4 10. Be2 Nbd7 11. b3 Bd5 12. bxc4 bxc4 13. Qc2 Rc8 14. Nc3 Bb4 15.
Ba3 Bxa3 16. Rxa3 Qe7 17. Raa1 O-O 18. e4 Ba8 19. Nd2 e5 20. d5 Nc5 21. Bxc4 Qc7
22. Rfc1 Qa7 23. Be2 Ne8 24. Nc4 f5 25. exf5 e4 26. Rd1 Nf6 27. Qa2 Rfd8 28. d6
Ncd7 29. Nb6+ Kh8 30. Nxc8 Rxc8 31. Qd2 Qc5 32. Rac1 Qxf5 33. Bxa6 Rf8 34. Ne2
Ng4 35. Ng3 e3 36. Nxf5 exd2 37. Rc8 Rxc8 38. Bxc8 Nb6 39. a5 {Black resigns}
1-0

[Event "Team 45 45 League T47"]
[Site "Internet Chess Club"]
[Date "2010.12.01"]
[Round "4"]
[White "alexping"]
[Black "pishd"]
[Result "1-0"]
[WhiteElo "1980"]
[BlackElo "1694"]
[Opening "Dutch defense: Dutch-Indian (Nimzo-Dutch) variation"]
[ECO "A90"]
[Time "10:39:37"]
[TimeControl "2700+45"]

1. d4 e6 2. c4 f5 3. g3 Nf6 4. Bg2 Bb4+ 5. Bd2 Qe7 6. Qb3 Nc6 7. e3 Ne4 8. a3
Bxd2+ 9. Nxd2 Nxd2 10. Kxd2 O-O 11. Qc3 d6 12. Ne2 e5 13. b4 exd4 14. exd4 Qg5+
15. f4 Qh6 16. Rae1 Re8 17. d5 Ne7 18. Nd4 g6 19. Nb5 Qf8 20. Nxc7 Rb8 21. Nxe8
Qxe8 22. Qf6 {Black resigns} 1-0

[Event "Team 45 45 League T47"]
[Site "Internet Chess Club"]
[Date "2010.11.25"]
[Round "4"]
[White "cknights"]
[Black "rubo"]
[Result "0-1"]
[WhiteElo "1857"]
[BlackElo "1730"]
[Opening "Benkö gambit accepted"]
[ECO "A58"]
[Time "16:01:48"]
[TimeControl "2700+45"]

1. d4 Nf6 2. c4 c5 3. d5 b5 4. cxb5 a6 5. bxa6 Bxa6 6. Nc3 g6 7. Nf3 d6 8. e3
Bxf1 9. Kxf1 Bg7 10. g3 O-O 11. Kg2 Nbd7 12. e4 Qb6 13. Qc2 Rfb8 14. Rb1 Ng4 15.
Bf4 Nge5 16. Nxe5 Nxe5 17. Rhc1 Qa6 18. Rd1 Nc4 19. Qd3 Nxb2 20. Qxa6 Rxa6 21.
e5 dxe5 22. Bc1 Rab6 23. Re1 Nd3 24. Rxb6 Nxe1+ 25. Kf1 Rxb6 26. Kxe1 Rb4 27. f3
f5 28. Bd2 e4 29. a3 Bxc3 30. Bxc3 Rb1+ 31. Kf2 exf3 32. a4 Rb3 33. Be1 c4 34.
a5 c3 35. a6 c2 36. Bd2 Rd3 37. Bf4 Rxd5 38. Kxf3 e5 39. Bc1 Ra5 40. Ke2 Rxa6
41. Kd2 Rc6 42. Bb2 e4 43. Bc3 Rxc3 {White resigns} 0-1

[Event "Team 45 45 League T47"]
[Site "Internet Chess Club"]
[Date "2010.11.25"]
[Round "4"]
[White "misuc56"]
[Black "LazyPeon"]
[Result "1/2-1/2"]
[WhiteElo "1786"]
[BlackElo "1680"]
[Opening "QGD Slav defense"]
[ECO "D10"]
[Time "16:00:12"]
[TimeControl "2700+45"]

1. d4 d5 2. c4 c6 3. e3 Nf6 4. h3 e6 5. Nc3 Nbd7 6. Nf3 Bd6 7. c5 Bc7 8. Be2 O-O
9. O-O e5 10. a3 exd4 11. exd4 Ne4 12. Be3 Nxc3 13. bxc3 Nf6 14. Bd3 Re8 15. Bg5
h6 16. Bh4 g5 17. Bg3 Bxg3 18. fxg3 Ne4 19. Bxe4 dxe4 20. Ne5 Be6 21. Qh5 Qe7
22. Qxh6 f5 23. h4 gxh4 24. gxh4 Qg7 25. Qf4 Kh7 26. h5 Rg8 27. Rf2 Qg3 28. Qxg3
Rxg3 29. c4 Rd8 30. Rb1 Rg7 31. Rd1 Kh6 32. g4 fxg4 33. Rf6+ Kxh5 34. Rxe6 g3
35. d5 cxd5 36. cxd5 Rf8 37. Re1 g2 38. Nc4 Rgf7 39. R6xe4 Rf1+ 40. Kxg2 R8f2+
41. Kg3 Rf3+ 42. Kg2 R3f2+ 43. Kg3 Rf3+ 44. Kg2 R3f2+ 45. Kg3 Rf3+ {Game drawn
by repetition} 1/2-1/2

[Event "Team 45 45 League T47"]
[Site "Internet Chess Club"]
[Date "2010.11.25"]
[Round "4"]
[White "Mymas"]
[Black "badmove"]
[Result "1/2-1/2"]
[WhiteElo "1444"]
[BlackElo "1706"]
[Opening "Giuoco Piano"]
[ECO "C50"]
[Time "15:11:09"]
[TimeControl "2700+45"]

1. e4 e5 2. Nf3 Nc6 3. Bc4 Bc5 4. O-O Nf6 5. Nc3 a6 6. Re1 d6 7. h3 O-O 8. d3
Na5 9. Bb3 Nxb3 10. axb3 c6 11. Bg5 h6 12. Bh4 Bd7 13. d4 exd4 14. Nxd4 Re8 15.
Qd3 Qe7 16. Na4 Ba7 17. Rad1 Qe5 18. Nf3 Qe6 19. Qxd6 Qxd6 20. Rxd6 Bb8 21. Rdd1
g5 22. Bg3 Bxg3 23. fxg3 Be6 24. Nc5 b6 25. Nxe6 Rxe6 26. e5 Nd5 27. Nd4 Rg6 28.
e6 fxe6 29. Rxe6 Rxe6 30. Nxe6 Re8 31. Nd4 Nb4 32. c3 c5 33. cxb4 cxd4 34. Rxd4
Re6 {Game drawn by mutual agreement} 1/2-1/2

[Event "Team 45 45 League T47"]
[Site "Internet Chess Club"]
[Date "2010.11.28"]
[Round "4"]
[White "chicopee-ed"]
[Black "Nosaj"]
[Result "1-0"]
[WhiteElo "1415"]
[BlackElo "1362"]
[Opening "Scotch opening"]
[ECO "C44"]
[Time "12:00:16"]
[TimeControl "2700+45"]

1. e4 e5 2. Nf3 Nc6 3. d4 f6 4. Be3 b6 5. Nbd2 Bb7 6. a3 Nce7 7. dxe5 Ng6 8.
exf6 Nxf6 9. Bd3 Be7 10. O-O O-O 11. c4 c5 12. Bg5 Ng4 13. Bxe7 Qxe7 14. h3 N4e5
15. Nxe5 Qxe5 16. Qc2 Qg5 17. f3 Nh4 18. Rf2 Rf6 19. e5 Rh6 20. Be4 Bc6 21. Bxc6
dxc6 22. Ne4 Qxe5 23. Rd1 Nf5 24. f4 Qe8 25. Nxc5 Qg6 26. Nd7 Rxh3 27. Rd3 Rh4
28. Rff3 Re8 29. Ne5 Qf6 30. Qf2 Qh6 31. Rh3 b5 32. Rxh4 Nxh4 33. Rh3 Qh5 34.
Qxh4 Qd1+ 35. Kh2 h6 36. Qh5 Qd8 37. Rg3 Re6 38. Qf7+ Kh8 39. Qxg7# {Black
checkmated} 1-0

[Event "Team 45 45 League T47"]
[Site "Internet Chess Club"]
[Date "2010.11.27"]
[Round "4"]
[White "tyler66"]
[Black "fuzzface"]
[Result "0-1"]
[WhiteElo "1397"]
[BlackElo "1385"]
[Opening "Three knights game"]
[ECO "C46"]
[Time "08:00:21"]
[TimeControl "2700+45"]

1. e4 e5 2. Nf3 Nc6 3. Nc3 Bb4 4. d3 Nf6 5. Bg5 O-O 6. a3 Bxc3+ 7. bxc3 h6 8.
Bh4 d6 9. Be2 Bg4 10. Nd2 Bxe2 11. Qxe2 g5 12. Bg3 d5 13. O-O d4 14. cxd4 Nxd4
15. Qd1 Re8 16. Nf3 Nxf3+ 17. Qxf3 Nh7 18. Rab1 b6 19. Rb5 c5 20. Rfb1 Qf6 21.
Qxf6 Nxf6 22. a4 Nd7 23. f3 a6 24. R5b3 Rac8 25. c4 Rc6 26. Ra1 a5 27. Rab1 f6
28. h4 Kf7 29. hxg5 hxg5 30. Kf2 Rh8 31. Rg1 Rh5 32. Rbb1 Kg6 33. Rh1 Rd6 34.
Ke3 Rxh1 35. Rxh1 f5 36. exf5+ Kxf5 37. Bf2 Kg6 38. Ke2 Re6 39. Be3 Nf6 40. g4
Re7 41. Kf2 Rd7 42. Ke2 Re7 43. Kd2 Rd7 44. Bf2 e4 45. Ke3 Rxd3+ 46. Ke2 Rxf3
47. Rc1 Nxg4 48. Bg1 Kf5 49. Rd1 Rc3 50. Rd5+ Ne5 51. Bh2 Rc2+ 52. Rd2 Rxd2+ 53.
Kxd2 Nxc4+ 54. Kc3 Ne3 55. Bc7 Nd5+ 56. Kc4 Nxc7 {White resigns} 0-1

[Event "Team 45 45 League T47"]
[Site "Internet Chess Club"]
[Date "2010.11.26"]
[Round "4"]
[White "Just-Jim"]
[Black "joshq03"]
[Result "1-0"]
[WhiteElo "1401"]
[BlackElo "1341"]
[Opening "Giuoco Pianissimo"]
[ECO "C50"]
[Time "19:00:22"]
[TimeControl "2700+45"]

1. e4 e5 2. Nf3 Nc6 3. Bc4 Bc5 4. d3 Nf6 5. Ng5 d5 6. exd5 Nxd5 7. O-O Be6 8.
Nxe6 fxe6 9. Qh5+ g6 10. Qh6 Qf6 11. Bg5 Qf5 12. Nd2 Nce7 13. Bxe7 Nxe7 14. Qg7
Qf8 15. Qxe5 Bd6 16. Qxe6 Qf4 17. Nf3 Rf8 18. Rae1 Qh6 19. Bb5+ c6 20. Qxd6 Rf7
21. Bxc6+ bxc6 22. Qxc6+ Kf8 23. Qxa8+ Kg7 24. Qxa7 Nf5 25. Qc5 Qf4 26. Qc3+ Kh6
27. Re4 Qd6 28. Qd2+ Kg7 29. Ng5 Rb7 30. Rfe1 Qf6 31. Qc3 Qxc3 32. bxc3 h6 33.
Ne6+ Kh7 34. Nd4 {Black resigns} 1-0

[Event "Team 45 45 League T47"]
[Site "Internet Chess Club"]
[Date "2010.11.28"]
[Round "4"]
[White "krysto"]
[Black "crazyhorses"]
[Result "1/2-1/2"]
[WhiteElo "1483"]
[BlackElo "1554"]
[Opening "Ruy Lopez: closed, Breyer, Borisenko variation"]
[ECO "C95"]
[Time "14:00:36"]
[TimeControl "2700+45"]

1. e4 e5 2. Nf3 Nc6 3. Bb5 a6 4. Ba4 Nf6 5. O-O Be7 6. Re1 b5 7. Bb3 d6 8. c3
O-O 9. h3 Nb8 10. d4 Nbd7 11. Nbd2 Bb7 12. Nf1 Nxe4 13. Qd3 Nef6 14. dxe5 dxe5
15. Nxe5 Nxe5 16. Qxd8 Raxd8 17. Rxe5 Bd6 18. Re1 Nd5 19. Bg5 f6 20. Bh4 Kh8 21.
Bg3 Nf4 22. Bxf4 Bxf4 23. Rad1 Bd6 24. Nh2 g6 25. Ng4 h5 26. Ne3 Rfe8 27. Bf7
Re5 28. Bxg6 Rg5 29. Bc2 Rdg8 30. h4 Rxg2+ 31. Nxg2 Bxg2 32. Re8 Rxe8 33. Kxg2
Kg7 34. b4 Re2 35. Bb3 Re5 36. Rd5 Rxd5 37. Bxd5 Be5 38. Bb7 Bxc3 39. Bxa6 Bxb4
40. Bxb5 f5 {Game drawn by mutual agreement} 1/2-1/2

[Event "Team 45 45 League T47"]
[Site "Internet Chess Club"]
[Date "2010.11.27"]
[Round "4"]
[White "Elalfer"]
[Black "IanT"]
[Result "1/2-1/2"]
[WhiteElo "1352"]
[BlackElo "1509"]
[Opening "Nimzo-Indian: 4.e3 e8g8, 5.Nf3 d7d5"]
[ECO "E51"]
[Time "20:16:17"]
[TimeControl "2700+45"]

1. d4 Nf6 2. c4 e6 3. Nf3 d5 4. Nc3 Bb4 5. e3 O-O 6. Bd2 c5 7. a3 Bxc3 8. Bxc3
b6 9. dxc5 bxc5 10. Be2 Ba6 11. Bxf6 Qxf6 12. cxd5 Bxe2 13. Qxe2 exd5 14. O-O
Qc6 15. Rfd1 Nd7 16. Qd2 Nf6 17. Rac1 Qd6 18. Rc2 Rac8 19. e4 Nxe4 20. Qxd5 Qxd5
21. Rxd5 Rfd8 22. Rxd8+ Rxd8 23. g3 Rc8 24. Ne5 Kf8 25. b4 Ke7 26. bxc5 Rxc5 27.
Nc6+ Kd6 28. Rxc5 Kxc5 29. Nxa7 Nc3 30. Kg2 Nb1 31. a4 Kb4 32. f4 Kxa4 33. Kf3
Kb4 34. Nc6+ Kc5 35. Nd8 Nd2+ 36. Kg4 Nf1 37. Nxf7 Nxh2+ 38. Kf5 Nf1 39. g4 Ne3+
40. Kg5 Kd5 41. Kh5 Ke4 42. Kg5 h6+ 43. Nxh6 gxh6+ 44. Kxh6 Kxf4 45. g5 Nf5+ 46.
Kg6 Ne7+ 47. Kf6 Kg4 48. g6 Nxg6 {Game drawn because neither player has mating
material} 1/2-1/2

[Event "Team 45 45 League T47"]
[Site "Internet Chess Club"]
[Date "2010.12.01"]
[Round "4"]
[White "seattleblues"]
[Black "Traho"]
[Result "1-0"]
[WhiteElo "1273"]
[BlackElo "1229"]
[Opening "Ruy Lopez: 5.O-O"]
[ECO "C78"]
[Time "20:05:26"]
[TimeControl "2700+45"]

1. e4 e5 2. Nf3 Nc6 3. Bb5 Nf6 4. O-O a6 5. Ba4 b5 6. Bb3 Bc5 7. Re1 O-O 8. c3
d6 9. d4 Bb6 10. h3 Re8 11. Ng5 Be6 12. d5 Bxf2+ 13. Kxf2 Na5 14. dxe6 fxe6 15.
Bxe6+ Rxe6 16. Nxe6 Qe7 17. Ng5 Rf8 18. Nf3 Nd7 19. Kg1 Qf7 20. Rf1 Qe8 21. a4
Nc4 22. axb5 axb5 23. Qd5+ Kh8 24. Qxb5 Ncb6 25. Be3 h6 26. Nbd2 c5 27. Nc4 Nxc4
28. Qxc4 Nb6 29. Qa6 Nd7 30. Qxd6 Rf6 31. Qd1 Rf7 32. Qd5 Qe7 33. Ra7 Kh7 34.
Bxc5 Qxc5+ 35. Qxc5 Nxc5 36. Rxf7 {Black resigns} 1-0

[Event "Team 45 45 League T47"]
[Site "Internet Chess Club"]
[Date "2010.11.28"]
[Round "4"]
[White "misuc56"]
[Black "redarmy44"]
[Result "1/2-1/2"]
[WhiteElo "1836"]
[BlackElo "1507"]
[Opening "Nimzo-Indian defense"]
[ECO "E20"]
[Time "15:00:14"]
[TimeControl "2700+45"]

1. d4 Nf6 2. c4 e6 3. Nc3 Bb4 4. Bd2 c5 5. e3 b6 6. Nf3 Bb7 7. Be2 O-O 8. h3
cxd4 9. exd4 d5 10. O-O Nc6 11. cxd5 Nxd5 12. a3 Bxc3 13. bxc3 Qc7 14. Rc1 Nf4
15. Bxf4 Qxf4 16. g3 Qf6 17. Nh2 Rad8 18. Ng4 Qe7 19. Bf3 Qxa3 20. Bg2 Ba8 21.
Qe1 Qd6 22. f4 Nxd4 23. cxd4 Qxd4+ 24. Qf2 Qxf2+ 25. Rxf2 Bxg2 26. Kxg2 Rc8 27.
Ra1 Rc7 28. Rfa2 a5 29. Rb1 h5 30. Ne5 f6 31. Nf3 Rc6 32. g4 hxg4 33. hxg4 Ra8
34. g5 Kf7 35. Rb5 Rd8 36. Rab2 Rdd6 37. Kf2 a4 38. R5b4 a3 39. Ra2 Rc3 40. Nd2
Rdd3 41. Rxb6 Kg6 42. Rxe6 Kf5 43. Re7 Kxf4 44. gxf6 gxf6 45. Re4+ Kf5 46. Rh4
Ke5 47. Rh8 f5 48. Rh4 Kf6 49. Ra4 Kg5 50. Ra6 Kf4 51. Nf1 Rf3+ 52. Ke2 Rfd3 53.
Ra4+ Kg5 54. Nd2 Rh3 55. Nf1 Rhf3 56. Rd2 Rh3 57. Ra5 Rb3 58. Kf2 Rb2 59. Rxb2
axb2 60. Rb5 Rc3 61. Rxb2 Rc5 62. Rb3 f4 63. Ke2 Re5+ 64. Kf3 Kf5 65. Rb8 Kg5
66. Rg8+ Kf5 67. Rg4 Ke6 68. Nd2 Rf5 69. Ne4 Rf8 70. Rg6+ Kf5 71. Ra6 Ke5 72.
Ra5+ Ke6 73. Ng5+ Kd6 74. Nh3 Ke6 75. Nxf4+ Kd6 76. Ke4 Re8+ 77. Kd4 Re1 78.
Ra6+ Kd7 79. Nd3 Rd1 80. Ke4 Rh1 81. Kd5 Rh5+ 82. Ne5+ Ke7 83. Re6+ Kf8 84. Kd6
Rh7 85. Rf6+ Ke8 86. Rg6 Kf8 87. Ke6 Re7+ 88. Kf6 Rh7 89. Ng4 Rf7+ 90. Ke6 Re7+
91. Kd6 Kf7 92. Rf6+ Ke8 93. Ne5 Rh7 94. Re6+ Kf8 95. Nd7+ Kg7 96. Re7+ Kh6 97.
Re5 Rf7 98. Ke6 Rf1 99. Nf6 Kg6 100. Ng4 Rf3 101. Re4 Kg5 102. Ne3 Rf6+ 103. Ke5
Rf8 104. Rg4+ Kh6 105. Nf5+ Kh7 106. Rg7+ Kh8 107. Re7 Ra8 108. Kf6 Rf8+ 109.
Kg6 Rg8+ 110. Kh6 Rg1 111. Nh4 Kg8 112. Nf5 Kf8 113. Ra7 Ke8 114. Nd6+ Kd8 115.
Nf7+ Kc8 116. Ng5 Kb8 117. Re7 Rf1 118. Kg6 Kc8 119. Nh7 Rf2 120. Nf6 Rg2+ 121.
Kf7 Rd2 122. Ra7 Kb8 123. Re7 Kc8 124. Kg6 Rg2+ 125. Kf5 Rf2+ 126. Ke5 {Game
drawn by the 50 move rule} 1/2-1/2

[Event "Team 45 45 League T47"]
[Site "Internet Chess Club"]
[Date "2010.11.29"]
[Round "4"]
[White "Juan73"]
[Black "Packerfan"]
[Result "0-1"]
[WhiteElo "1698"]
[BlackElo "1739"]
[Opening "Four knights: Italian variation"]
[ECO "C47"]
[Time "10:00:22"]
[TimeControl "2700+45"]

1. e4 e5 2. Nf3 Nc6 3. Nc3 Nf6 4. Bc4 Nxe4 5. Bxf7+ Kxf7 6. Nxe4 d5 7. Neg5+ Kg8
8. d3 h6 9. Nh3 Bd6 10. Nhg1 Kh7 11. Ne2 Re8 12. h3 e4 13. dxe4 dxe4 14. Nfd4
Nxd4 15. Qxd4 b6 16. Be3 Ba6 17. Nc3 Qe7 18. a3 Bc5 19. Qd2 Rad8 20. Qc1 Rf8 21.
b4 Qe5 22. Ne2 Bxe3 23. fxe3 Bxe2 24. Kxe2 Qg3 25. Qg1 Qg5 26. c4 Qe5 27. Qc1
Qg3 28. Qg1 Rd3 29. a4 Rfd8 30. Ra2 Rf8 31. Rd2 Rf2+ 32. Qxf2 Rxd2+ 33. Kxd2
Qxf2+ 34. Kc3 Qxe3+ {White resigns} 0-1

[Event "Team 45 45 League T47"]
[Site "Internet Chess Club"]
[Date "2010.11.28"]
[Round "4"]
[White "xt"]
[Black "arriero55"]
[Result "1/2-1/2"]
[WhiteElo "1407"]
[BlackElo "1447"]
[Opening "Sicilian: Najdorf, Lipnitzky attack"]
[ECO "B86"]
[Time "14:01:51"]
[TimeControl "2700+45"]

1. e4 c5 2. Nf3 d6 3. d4 cxd4 4. Nxd4 Nf6 5. Nc3 a6 6. Bc4 e6 7. Be3 Nxe4 8.
Nxe4 d5 9. Bd3 dxe4 10. Bxe4 Nd7 11. Nf3 Be7 12. O-O Nf6 13. Bd3 h6 14. Re1 O-O
15. h3 Bd7 16. Rc1 Bc6 17. Ne5 Qd5 18. Nxc6 Qxc6 19. Qd2 Rfd8 20. Qa5 Rac8 21.
Be2 Nd5 22. Bf3 Bb4 23. Bxd5 Bxa5 24. Bxc6 Rxc6 25. c3 Rd3 26. Kf1 Rd7 27. Red1
Rcd6 28. Ke2 Rxd1 29. Rxd1 Rxd1 30. Kxd1 Kf8 31. Kc2 Ke8 32. Kd3 Bc7 33. Kc4 Kd7
34. Bc5 Bd6 35. b3 Kc6 36. Be3 f6 37. a4 b5+ 38. axb5+ axb5+ 39. Kd3 f5 40. c4
{Game drawn by mutual agreement} 1/2-1/2

[Event "Team 45 45 League T47"]
[Site "Internet Chess Club"]
[Date "2010.11.28"]
[Round "4"]
[White "Buford-Julep"]
[Black "randallsr"]
[Result "0-1"]
[WhiteElo "1651"]
[BlackElo "1763"]
[Opening "French: Winawer, advance variation"]
[ECO "C16"]
[Time "17:05:54"]
[TimeControl "2700+45"]

1. e4 e6 2. d4 d5 3. Nc3 Bb4 4. e5 Bxc3+ 5. bxc3 Ne7 6. Nf3 h6 7. c4 dxc4 8.
Bxc4 c6 9. a4 Nd7 10. O-O b6 11. Qd3 Bb7 12. Nd2 c5 13. Ne4 Bxe4 14. Qxe4 Rc8
15. Rd1 Qc7 16. Bb5 O-O 17. Ba3 Nd5 18. Qf3 Rfd8 19. Ba6 Rb8 20. c3 Ra8 21. Rac1
Ne7 22. Bd3 Rab8 23. Qg4 Nf8 24. f4 Qc6 25. Rf1 Qxa4 26. Ra1 Qb3 27. Rf3 Kh8 28.
Rg3 Neg6 29. Be4 Qc4 30. h4 cxd4 31. Bxf8 Rxf8 32. Bxg6 fxg6 33. Qxg6 Rb7 34.
Qe4 Rd7 35. Rd3 Rfd8 36. Rf1 Qc5 37. cxd4 Rxd4 38. Rxd4 Qxd4+ 39. Qxd4 Rxd4 40.
g3 Kh7 41. Rc1 Rd7 42. Rc6 Re7 43. Kf2 Kg6 44. Ke3 Kf5 45. Kf3 h5 46. Rc8 Rb7
47. Rh8 Kg6 48. g4 hxg4+ 49. Kxg4 b5 50. h5+ Kf7 51. Rh7 Kg8 {White resigns} 0-1

[Event "Team 45 45 League T47"]
[Site "Internet Chess Club"]
[Date "2010.11.27"]
[Round "4"]
[White "BishopMike"]
[Black "werty"]
[Result "0-1"]
[WhiteElo "1420"]
[BlackElo "1564"]
[Opening "French: exchange variation"]
[ECO "C01"]
[Time "14:32:58"]
[TimeControl "2700+45"]

1. e4 e6 2. d4 d5 3. exd5 exd5 4. Nf3 Bd6 5. Bb5+ c6 6. Ba4 Nf6 7. Bg5 O-O 8.
O-O Bg4 9. Qd3 Nbd7 10. Nbd2 Qc7 11. Rfe1 Rfe8 12. Re3 Rxe3 13. fxe3 Re8 14. Bb3
h6 15. Bh4 g5 16. Bf2 Ne4 17. c4 Nxd2 18. Nxd2 Bxh2+ 19. Kh1 dxc4 20. Bxc4 Be6
21. Rc1 Bxc4 22. Qxc4 Bd6 23. e4 Bf4 24. Rd1 Bxd2 25. Rxd2 Rxe4 26. Qd3 Qf4 27.
Bg3 Qe3 28. Bf2 Qxd3 29. Rxd3 Nf6 30. b4 Re2 31. Rf3 Kg7 32. Bg3 Nd5 33. a3 Kg6
34. Be5 f5 35. Bb8 a6 36. Ba7 Re3 37. Rxe3 Nxe3 38. Kg1 f4 39. Kf2 Nc2 {White
resigns} 0-1

[Event "Team 45 45 League T47"]
[Site "Internet Chess Club"]
[Date "2010.11.24"]
[Round "4"]
[White "rahulr"]
[Black "TheronUAL"]
[Result "1-0"]
[WhiteElo "1574"]
[BlackElo "1465"]
[Opening "Réti opening"]
[ECO "A09"]
[Time "20:11:22"]
[TimeControl "2700+45"]

1. Nf3 d5 2. c4 Nf6 3. cxd5 Nxd5 4. e4 Nb6 5. d4 Bg4 6. Be2 e6 7. O-O Be7 8. Nc3
N8d7 9. Bf4 c6 10. Rc1 O-O 11. d5 exd5 12. exd5 cxd5 13. Nxd5 Nxd5 14. Qxd5 b6
15. Bc7 Qe8 16. Bb5 Be6 17. Qd3 Bc5 18. Rfd1 Qe7 19. Bxd7 Bxd7 20. Qxd7 Rac8 21.
Qxe7 Bxe7 22. Bf4 Bc5 23. g3 Rfe8 24. Ne5 f6 25. Nd3 Rcd8 26. Nxc5 Rxd1+ 27.
Rxd1 bxc5 28. Be3 c4 29. Rc1 Rb8 30. Bd4 Re8 31. Kf1 {Black resigns} 1-0

[Event "Team 45 45 League T47"]
[Site "Internet Chess Club"]
[Date "2010.11.27"]
[Round "4"]
[White "RedAttack"]
[Black "PandorasBox"]
[Result "0-1"]
[WhiteElo "2006"]
[BlackElo "1960"]
[Opening "Réti opening"]
[ECO "A04"]
[Time "16:06:48"]
[TimeControl "2700+45"]

1. Nf3 b6 2. d4 Bb7 3. c4 e6 4. Nc3 d5 5. e3 Nf6 6. Be2 Nbd7 7. O-O c5 8. b3 Rc8
9. Bb2 Be7 10. Nb5 a6 11. Nc3 cxd4 12. exd4 O-O 13. Rc1 h6 14. Ne5 Nxe5 15. dxe5
Nd7 16. f4 d4 17. Na4 Nc5 18. Qxd4 Nxa4 19. Qxd8 Rfxd8 20. bxa4 Rd2 21. Bf3 Bxf3
22. Rxf3 Bc5+ 23. Kh1 Rxb2 {White resigns} 0-1

[Event "Team 45 45 League T47"]
[Site "Internet Chess Club"]
[Date "2010.12.01"]
[Round "4"]
[White "Deckfuel"]
[Black "MikeA"]
[Result "0-1"]
[WhiteElo "2008"]
[BlackElo "2127"]
[Opening "Vienna game"]
[ECO "C28"]
[Time "13:00:05"]
[TimeControl "2700+45"]

1. Nc3 Nf6 2. e4 e5 3. Bc4 Nc6 4. d3 Bb4 5. f4 d5 6. exd5 Nxd5 7. Bd2 Nxf4 8. g3
Ne6 9. Qh5 O-O 10. O-O-O g6 11. Qh6 Bxc3 12. bxc3 Na5 13. Bxe6 Bxe6 14. Nf3 f6
15. h4 Qd5 16. c4 Nxc4 17. dxc4 Qxf3 18. Rdf1 Qa3+ 19. Kd1 Bg4+ 20. Ke1 Qxg3+
21. Rf2 Bf3 22. Rf1 Rad8 23. Qe3 e4 24. h5 f5 25. hxg6 f4 26. Qb3 c5 27. gxh7+
Kxh7 28. Qxb7+ Kg8 29. Rh1 Bxh1 {White resigns} 0-1

[Event "Team 45 45 League T47"]
[Site "Internet Chess Club"]
[Date "2010.11.27"]
[Round "4"]
[White "CaoCao"]
[Black "zachi"]
[Result "0-1"]
[WhiteElo "1877"]
[BlackElo "1947"]
[Opening "Caro-Kann: classical, Spassky variation"]
[ECO "B18"]
[Time "17:09:37"]
[TimeControl "2700+45"]

1. e4 c6 2. d4 d5 3. Nc3 dxe4 4. Nxe4 Bf5 5. Ng3 Bg6 6. Nf3 Nd7 7. h4 h6 8. h5
Bh7 9. Bd3 Bxd3 10. Qxd3 e6 11. Bd2 Ngf6 12. O-O-O Be7 13. Kb1 O-O 14. Ne4 c5
15. Nxf6+ Bxf6 16. Bc3 cxd4 17. Bxd4 Bxd4 18. Nxd4 Nc5 19. Qf3 Qf6 20. Qxf6 gxf6
21. f3 Rad8 22. Nb5 a6 23. Nc3 e5 24. Ne4 Nxe4 25. fxe4 Kg7 26. Kc1 f5 27. exf5
Kf6 28. Rxd8 Rxd8 29. Rd1 Rxd1+ 30. Kxd1 Kxf5 31. a4 Kg5 32. b4 Kxh5 33. c4 Kg5
34. b5 Kf6 35. c5 axb5 36. a5 Ke7 37. c6 Kd8 38. cxb7 Kc7 39. a6 b4 40. Kc2 e4
{White resigns} 0-1

[Event "Team 45 45 League T47"]
[Site "Internet Chess Club"]
[Date "2010.11.28"]
[Round "4"]
[White "Holzschlange"]
[Black "primerpaso"]
[Result "1-0"]
[WhiteElo "1840"]
[BlackElo "1725"]
[Opening "Sicilian: Najdorf, Lipnitzky attack"]
[ECO "B90"]
[Time "11:01:27"]
[TimeControl "2700+45"]

1. e4 c5 2. Nf3 d6 3. d4 cxd4 4. Nxd4 Nf6 5. Nc3 a6 6. Bc4 Qc7 7. Bb3 e6 8. Bg5
Be7 9. Qf3 Nc6 10. O-O-O h6 11. Be3 Bd7 12. Qg3 Rg8 13. f4 O-O-O 14. Rhe1 g5 15.
Qf3 gxf4 16. Bxf4 e5 17. Nxc6 bxc6 18. Be3 Bg4 19. Qf2 Bxd1 20. Bb6 Rxg2 21.
Qxg2 Qxb6 22. Rxd1 Qe3+ 23. Kb1 Rg8 24. Qf1 Kb7 25. Bxf7 Rg4 26. Be6 Rf4 27. Qc4
Nxe4 28. Bc8+ Kxc8 29. Qxc6+ Kd8 30. Nd5 Nd2+ 31. Ka1 Qa7 32. Nxf4 exf4 33. Qd5
Qe3 34. Qxd2 Qxd2 35. Rxd2 Kc7 36. Kb1 Bf6 37. c3 Kc6 38. Kc2 Be5 39. Kd3 Kd5
40. Rg2 Bf6 41. Rg8 Kc6 42. Ke4 Bg5 43. h3 Kc7 44. Kd5 {Black resigns} 1-0

[Event "Team 45 45 League T47"]
[Site "Internet Chess Club"]
[Date "2010.11.27"]
[Round "4"]
[White "ChristopherPace"]
[Black "theophilus"]
[Result "1/2-1/2"]
[WhiteElo "2087"]
[BlackElo "2225"]
[Opening "QGD: Tarrasch defense"]
[ECO "D32"]
[Time "09:12:56"]
[TimeControl "2700+45"]

1. d4 e6 2. c4 d5 3. Nc3 c5 4. cxd5 exd5 5. Nf3 Nc6 6. e3 Nf6 7. Be2 cxd4 8.
exd4 Be7 9. O-O O-O 10. Bf4 Bf5 11. Qb3 b6 12. Rac1 Na5 13. Qd1 a6 14. Ne5 b5
15. Bf3 Rc8 16. Qe2 Nc4 17. a4 bxa4 18. Nxd5 Nxd5 19. Bxd5 Qxd5 20. Rxc4 Rxc4
21. Qxc4 Qxc4 22. Nxc4 Bd3 23. Rc1 Rc8 24. Nb6 Rxc1+ 25. Bxc1 Bf6 26. Nxa4 Bxd4
27. Bd2 Bc2 28. Nc3 {Game drawn by mutual agreement} 1/2-1/2